 Dungeon Crawl Stone Soup version 0.22.1-1-ga44c0e56f4 (webtiles) character file.

698 Peloso the Shield-Bearer (level 7, 0/61 HPs)
             Began as a Minotaur Fighter on Nov 9, 2018.
             Slain by Sigmund
             ... wielding a +3 scythe of slicing
              (1 damage)
             ... on level 4 of the Dungeon.
             The game lasted 00:06:35 (4308 turns).

Peloso the Shield-Bearer (Minotaur Fighter)         Turns: 4308, Time: 00:06:35

Health: 0/61       AC: 10    Str: 21    XL:     7   Next: 38%
Magic:  6/6        EV:  7    Int:  5    God:
Gold:   233        SH: 10    Dex: 11    Spells: 6/6 levels left

rFire    . . .     SeeInvis .   a - +0 long sword
rCold    . . .     Gourm    .   c - +0 shield
rNeg     . . .     Faith    .   w - +0 chain mail
rPois    .         Spirit   .   (helmet restricted)
rElec    .         Reflect  .   (no cloak)
rCorr    .         Harm     .   (no gloves)
MR       .....                  (no boots)
Stlth    ..........             (no amulet)
HPRegen  0.20/turn              q - ring of attention (curse)
MPRegen  0.10/turn              (no ring)

@: no status effects
A: retaliatory headbutt, horns 2
a: no special abilities


You were on level 4 of the Dungeon.
You were not hungry.

You visited 1 branch of the dungeon, and saw 4 of its levels.

You collected 233 gold pieces.

Inventory:

Hand Weapons
 a - a +0 long sword (weapon)
Armour
 b - a +0 scale mail
 c - a +0 shield (worn)
 w - a +0 chain mail (worn)
Jewellery
 q - a cursed ring of attention (left hand)
Wands
 t - a wand of polymorph (7)
Scrolls
 g - 3 scrolls of remove curse {unknown}
 j - 2 scrolls of fog {unknown}
 k - 3 scrolls of teleportation {unknown}
 m - 4 scrolls of identify {unknown}
 n - 2 scrolls of enchant armour {unknown}
 o - a scroll of amnesia {unknown}
 s - a scroll of blinking {unknown}
 u - a scroll of immolation {unknown}
Potions
 e - 2 potions of curing
 h - a potion of ambrosia {unknown}
 i - a potion of mutation {unknown}
 l - 2 potions of heal wounds {unknown}
 p - 2 potions of brilliance {unknown}
 r - 2 potions of cancellation {unknown}
 v - a potion of flight {unknown}
Comestibles
 f - 5 rations


   Skills:
 + Level 5.2 Fighting
 + Level 5.5 Long Blades
 + Level 5.6 Armour
 + Level 1.8 Dodging
 + Level 0.2 Stealth
 + Level 6.4 Shields
 + Level 0.4 Unarmed Combat


You had 6 spell levels left.
You didn't know any spells.
Your spell library was empty.

Dungeon Overview and Level Annotations

Branches:
Dungeon (4/15)
 Temple: D:4-7

Altars:
Ashenzari
Yredelemnul

Shops:
D:4 %

Annotations:
D:4 Sigmund


Innate Abilities, Weirdness & Mutations

You reflexively headbutt those who attack you in melee.
You have a pair of horns on your head.


Message History

Sigmund says, "I'm your fate." Sigmund barely misses you.
You completely miss Sigmund.
Sigmund is heavily wounded.
Sigmund hits you with a scythe of slicing.
* * * LOW HITPOINT WARNING * * *
x2 You barely miss Sigmund.
Your headbutt misses Sigmund.
Sigmund is heavily wounded.
You slash Sigmund! You headbutt Sigmund.
Sigmund is almost dead.
Sigmund hits you with a scythe of slicing.
* * * LOW HITPOINT WARNING * * *
x2 You hit Sigmund.
Sigmund is almost dead.
You block Sigmund's attack.
You hit Sigmund but do no damage.
Sigmund is almost dead.
Sigmund hits you with a scythe of slicing!
* * * LOW HITPOINT WARNING * * *
You die...

#
#.......#######.##
. #.......# #.# .
#.......# #.# .
........# ##.#
######### #..#
#.......# #.##
#.......# #.#
#..####.###.#
.......@@...#
#..####.#####
#.......#
#########


You could see Sigmund.

Vanquished Creatures
  Eustachio (D:4)
  A hungry ghost (D:3)
  An orc warrior (D:4)
  An orc priest (D:4)
  A hound (D:4)
  An orc wizard (D:4)
  Jessica (D:2)
  A worker ant (D:3)
  3 gnolls (D:3)
  7 adders
  3 oozes
  4 worms
  A dart slug (D:2)
  2 leopard geckos
  6 orcs
  6 bats
  A giant cockroach (D:1)
  15 goblins
  8 hobgoblins
  A quokka (D:3)
  11 frilled lizards
  5 kobolds
  A leopard gecko skeleton (D:4)
  4 rats
86 creatures vanquished.

Notes
Turn   | Place    | Note
-------+----------+-------------------------------------------
     0 | D:1      | Peloso the Minotaur Fighter began the quest for the Orb.
     0 | D:1      | Reached XP level 1. HP: 19/19 MP: 0/0
   162 | D:1      | Reached skill level 4 in Shields
   162 | D:1      | Reached XP level 2. HP: 27/27 MP: 1/1
   668 | D:2      | Reached XP level 3. HP: 32/33 MP: 2/2
   774 | D:2      | Found a faded altar of an unknown god.
  1045 | D:2      | Noticed Jessica
  1053 | D:2      | Killed Jessica
  1053 | D:2      | Reached XP level 4. HP: 20/41 MP: 3/3
  1973 | D:3      | Reached XP level 5. HP: 47/47 MP: 4/4
  2202 | D:3      | Reached skill level 5 in Shields
  2293 | D:3      | Noticed a hungry ghost
  2300 | D:3      | Killed a hungry ghost
  2300 | D:3      | Reached skill level 1 in Dodging
  2300 | D:3      | Reached XP level 6. HP: 50/53 MP: 5/5
  2528 | D:4      | Reached skill level 5 in Armour
  2628 | D:4      | Found Goacosh's Food Emporium.
  2707 | D:4      | Noticed Eustachio
  2743 | D:4      | Reached skill level 5 in Long Blades
  3277 | D:4      | Killed Eustachio
  3277 | D:4      | Reached skill level 6 in Shields
  3277 | D:4      | Reached XP level 7. HP: 35/60 MP: 6/6
  3857 | D:3      | Reached skill level 5 in Fighting
  3981 | D:4      | Found a basalt altar of Yredelemnul.
  4082 | D:4      | Found a shattered altar of Ashenzari.
  4256 | D:4      | Noticed Sigmund
  4308 | D:4      | HP: 1/61 [Sigmund/scythe of slicing (7)]
  4308 | D:4      | Slain by Sigmund

Skill      XL: |  1  2  3  4  5  6  7 |
---------------+----------------------+-----
Shields        | 4 5 6 |  6.4
Fighting       | 4 5 |  5.2
Armour         | 4 5 |  5.6
Long Blades    | 3 4 5 |  5.5
Dodging        | 1 |  1.8
Stealth        | |  0.2
Unarmed Combat | |  0.4

Action                   |  1- 3 |  4- 6 |  7- 9 || total
-------------------------+-------+-------+-------++-------
Melee: Long sword        |    81 |   158 |    55 ||   294
       Headbutt          |    14 |    33 |    13 ||    60
       Unarmed           |       |     5 |       ||     5
  Use: Potion            |       |     1 |     4 ||     5
  Eat: Chunk             |       |     6 |     2 ||     8
       Ration            |       |     2 |       ||     2
Armor: Scale mail        |    30 |    74 |     8 ||   112
       Chain mail        |       |       |     8 ||     8
Dodge: Dodged            |    31 |    58 |    20 ||   109
Block: Shield            |    43 |    96 |    35 ||   174
       Rpst.: Long sword |     5 |    10 |     5 ||    20
